 Dungeon Crawl Stone Soup version 0.32-a0-18-g89e19f1974 (webtiles) character file.

Game seed: 6722512175762574531

4774 jasper the Skirmisher (level 10, -1/47 HPs)
             Began as a Spriggan Hexslinger on Jan 15, 2024.
             Was a Follower of Hepliaklqana.
             Slain by a komodo dragon (8 damage)
             ... on level 9 of the Dungeon on Jan 16, 2024.
             The game lasted 00:16:48 (9165 turns).

jasper the Skirmisher (Spriggan Hexslinger)         Turns: 9165, Time: 00:16:48

Health: -1/47      AC:  4    Str:  4    XL:     10   Next: 23%
Magic:  13/13      EV: 18    Int: 15    God:    Hepliaklqana [*.....]
Gold:   356        SH:  0    Dex: 22    Spells: 11/11 levels left

rFire   . . .        a - +2 sling (flame)
rCold   . . .        (no shield)
rNeg    . . .        c - +1 robe
rPois   .            (helmet restricted)
rElec   .            A - +0 cloak
rCorr   .            (gloves unavailable)
SInv    +            (boots unavailable)
Will    +....        (no amulet)
Stlth   ++++         d - ring of flight
HPRegen 0.27/turn    (no ring)
MPRegen 0.13/turn

%: no passive effects
@: flying, studying Maces & Flails, very quick
A: reduced essence, very small, no large weapons, unfitting armour, see
invisible, speed 3
a: Renounce Religion, Recall Ancestor, Ancestor Identity


You were on level 9 of the Dungeon.
You worshipped Hepliaklqana.
Hepliaklqana was aware of your devotion.
You visited 2 branches of the dungeon, and saw 10 of its levels.
You also visited: Sewer.

You collected 482 gold pieces.
You spent 126 gold pieces at shops.

Inventory:

Hand Weapons
 a - a +2 sling of flaming (weapon)
 C - a +0 orcbow
Armour
 c - a +1 robe (worn)
 e - a scarf of invisibility
 A - a +0 cloak (worn)
Jewellery
 d - a ring of flight (left hand)
 k - a ring of ice
 v - an amulet of guardian spirit
 G - a ring of positive energy
Wands
 m - a wand of roots (2)
 o - a wand of digging (4)
 u - a wand of flame (41)
Scrolls
 b - 2 scrolls of poison
 h - 3 scrolls of enchant weapon
 i - a scroll of noise
 r - a scroll of fog
 x - 2 scrolls of teleportation
 y - a scroll of blinking
 B - a scroll of vulnerability
 D - 5 scrolls of immolation
 F - a scroll of summoning
 H - a scroll of enchant armour
Potions
 f - 2 potions of haste
 g - 4 potions of enlightenment
 j - 2 potions of magic
 l - 3 potions of brilliance
 n - a potion of lignification
 p - 3 potions of might
 q - a potion of mutation
 s - a potion of attraction
 t - 2 potions of curing
 w - a potion of cancellation
 z - a potion of degeneration
 E - 2 potions of resistance


   Skills:
 - Level 6.3 Fighting
 * Level 12.3 Ranged Weapons
 - Level 2.6 Dodging
 - Level 7.0 Stealth
 - Level 1.3 Spellcasting
 - Level 3.6 Hexes
 - Level 0.7 Fire Magic


You had 11 spell levels left.
You didn't know any spells.
Your spell library contained the following spells:

 Spells                   Type           Power      Damage    Failure   Level
 Jinxbite                 Hex            22%        N/A       9%          2
 Sigil of Binding         Hex            11%        N/A       16%         3
 Freeze                   Ice            4%         1d3       24%         1
 Inner Flame              Hex/Fire       7%         N/A       28%         3
 Blink                    Tloc           2%         N/A       34%         2
 Cigotuvi's Dreadful Rot  Necr/Alch/Air  2%         N/A       34%         2
 Lesser Beckoning         Tloc           2%         N/A       34%         2
 Momentum Strike          Conj/Tloc      2%         3d8       34%         2
 Cause Fear               Hex            5%         N/A       47%         4
 Frozen Ramparts          Ice            2%         1d1       56%         3
 Hailstorm                Conj/Ice       1%         3d5       56%         3
 Anguish                  Hex/Necr       3%         N/A       75%         4
 Dimensional Bullseye     Hex/Tloc       3%         N/A       75%         4
 Ignite Poison            Fire/Alch      2%         N/A       90%         4
 Freezing Cloud           Conj/Ice/Air   0%         6-21      100%        5
 Irradiate                Conj/Alch      0%         3d11      100%        5
 Enfeeble                 Hex            5%         N/A       100%        7
 Malign Gateway           Summ/Tloc      0%         N/A       100%        7
 Ignition                 Fire           1%         3d3       100%        8
 Summon Horrible Things   Summ           0%         N/A       100%        8


Dungeon Overview and Level Annotations

Branches:
Dungeon (9/15)             Temple (1/1) D:6           Sewer (visited)
   Lair: D:8-11         Orc: D:9-12

Altars:
Ashenzari
Cheibriados
Dithmenos
Elyvilon
Fedhas
Gozag
Hepliaklqana
Kikubaaqudgha
Makhleb
Nemelex Xobeh
Okawaru
Qazlal
Ru
Sif Muna
Trog
Uskayaw
Vehumet
Wu Jian
Xom
Yredelemnul
Zin
The Shining One

Shops:
D:5 (   D:8 [:?=

Annotations:
D:3 Blork the orc


Innate Abilities, Weirdness & Mutations

Your life essence is reduced to manifest your ancestor. (-10% HP)
You are very small and have problems with some larger weapons.
You are too small for most types of armour.
You have supernaturally acute eyesight. (SInv)
You cover ground extremely quickly. (Speed+++)


Message History

The komodo dragon is severely wounded.
The komodo dragon bites you!!
Ouch! That really hurt!
* * * LOW HITPOINT WARNING * * *
You take 29 damage, and have 7/47 hp.
MASSIVE DAMAGE!!
Fire: a) +2 sling (flame)
Press: ? - help, Q - select action, (/) - cycle Shift-Dir - straight line, f/p - komodo dragon
Aim: a komodo dragon (severely wounded, ally target, 76% to hit)
You shoot a sling bullet.
The sling bullet hits the komodo dragon!
The sling bullet burns the komodo dragon.
The komodo dragon is almost dead.
Pud hits the komodo dragon but does no damage.
Fire: a) +2 sling (flame)
Press: ? - help, Q - select action, (/) - cycle Shift-Dir - straight line, f/p - komodo dragon
Aim: a komodo dragon (almost dead, not watching you, ally target, 76% to hit)
You shoot a sling bullet.
The sling bullet hits the komodo dragon but does no damage.
The komodo dragon is almost dead.
The komodo dragon closely misses you.
Pud hits the komodo dragon but does no damage.
Fire: a) +2 sling (flame)
Press: ? - help, Q - select action, (/) - cycle Shift-Dir - straight line, f/p - komodo dragon
Aim: a komodo dragon (almost dead, not watching you, ally target, 76% to hit)
You shoot a sling bullet.
The sling bullet hits the komodo dragon.
The sling bullet burns the komodo dragon.
The komodo dragon is almost dead.
The komodo dragon completely misses you.
Okay, then.
Fire: a) +2 sling (flame)
Press: ? - help, Q - select action, (/) - cycle Shift-Dir - straight line, f/p - komodo dragon
Aim: a komodo dragon (almost dead, ally target, 76% to hit)
You shoot a sling bullet.
The sling bullet hits the komodo dragon.
The sling bullet burns the komodo dragon.
The komodo dragon is almost dead.
Pud hits the komodo dragon but does no damage.
The komodo dragon bites you!
You die...

#.........##.#......#
#............#......#
#.).......### ......#
#.).......# ...yy#
#.).......# .yy.#
#.).......# ...#
##...<..### ####'#
##)####### ###....#
#.)......# #@..####
#........# #l###
#........# ##R########
+........###.....<...#
#...(...F'.#.........#
#........#.).........#
#........###.........#
#........#
#####รท#####
######'### #.#


You could see the friendly Pud the ancestor and a komodo dragon (ally target).

Vanquished Creatures
  Maurice (D:7)
  A troll (D:8)
  4 acid dragons
  2 water moccasins
  3 orc warriors
  2 ice beasts (D:7)
  3 black bears (D:9)
  3 ogres
  A kobold brigand (D:9)
  A phantom (D:7)
  A gnoll sergeant (D:9)
  5 bullfrogs
  2 scorpions (D:6)
  9 killer bees
  4 hounds
  3 quasits (D:6)
  4 orc priests
  3 bombardier beetles
  4 jellies
  A gnoll bouda (D:8)
  Terence (D:2)
  3 iguanas
  4 orc wizards
  A sleepcap (D:3)
  Ijyb (D:3)
  12 gnolls
  2 river rats (Sewer)
  15 adders
  3 shadow imps
  6 white imps
  4 ufetubi (D:6)
  2 ribbon worms
  4 dart slugs
  15 orcs
  23 ball pythons
  6 endoplasms
  6 giant cockroaches
  4 goblins
  4 hobgoblins
  A quokka (D:3)
  2 bats
  5 frilled lizards
  10 kobolds
  23 rats
214 creatures vanquished.

Vanquished Creatures (collateral kills)
  2 bullfrogs
  An orc priest (D:8)
  2 orc wizards
  2 gnolls
  An orc (D:8)
  A kobold (D:9)
9 creatures vanquished.

Vanquished Creatures (others)
  8 ancestors
8 creatures vanquished.

Grand Total: 231 creatures vanquished

Notes
Turn   | Place    | Note
-------+----------+-------------------------------------------
     0 | D:1      | jasper the Spriggan Hexslinger began the quest for the Orb.
     0 | D:1      | Reached XP level 1. HP: 9/9 MP: 3/3
   121 | D:1      | Reached skill level 1 in Fighting
   233 | D:1      | Reached XP level 2. HP: 14/14 MP: 5/5
   554 | D:1      | Reached skill level 3 in Ranged Weapons
   860 | D:2      | Noticed Terence
   916 | D:2      | Reached XP level 3. HP: 18/18 MP: 6/6
  1119 | D:2      | Reached XP level 4. HP: 23/23 MP: 7/7
  1153 | D:2      | Killed Terence
  1154 | D:2      | Reached skill level 4 in Ranged Weapons
  1363 | D:2      | Reached XP level 5. HP: 12/26 MP: 8/8
  1937 | D:3      | Noticed an ogre
  1949 | D:3      | Killed an ogre
  1950 | D:3      | Reached skill level 5 in Ranged Weapons
  1950 | D:3      | Reached XP level 6. HP: 32/32 MP: 9/9
  2125 | D:3      | Noticed Ijyb
  2139 | D:3      | Killed Ijyb
  2421 | D:4      | Noticed Blork the orc
  2756 | D:5      | Entered Level 5 of the Dungeon
  2780 | D:5      | Reached skill level 6 in Ranged Weapons
  2784 | D:5      | Reached XP level 7. HP: 16/36 MP: 10/10
  2863 | D:5      | Found Hufoluwo's Weapon Emporium.
  3544 | D:4      | You are sucked into a shaft and drop 3 floors!
  3545 | D:7      | Noticed Maurice
  3570 | D:6      | Reached skill level 7 in Ranged Weapons
  3746 | D:6      | Found a glowing drain.
  3754 | Sewer    | Entered a sewer
  3844 | Sewer    | Upgraded the game from 0.32-a0-17-gb74e046682 to
                  | 0.32-a0-18-g89e19f1974
  4114 | Sewer    | Reached skill level 1 in Stealth
  4114 | Sewer    | Reached XP level 8. HP: 42/42 MP: 11/11
  4322 | D:6      | Found a staircase to the Ecumenical Temple.
  4331 | Temple   | Entered the Ecumenical Temple
  4344 | Temple   | Became a worshipper of Hepliaklqana the Forgotten
  4375 | D:6      | Reached skill level 8 in Ranged Weapons
  4928 | D:6      | Found a burning altar of Makhleb.
  4931 | D:6      | Found a bloodstained altar of Trog.
  5140 | D:6      | Reached skill level 5 in Fighting
  5537 | D:5      | Reached * piety under Hepliaklqana
  5547 | D:5      | Identified the +1 ring mail of Tender Moments {rPois rF-
                  | Int+2}
  5937 | D:4      | Reached skill level 9 in Ranged Weapons
  6124 | D:7      | Killed Maurice
  6125 | D:7      | Reached skill level 5 in Stealth
  6125 | D:7      | Reached XP level 9. HP: 23/42 MP: 12/12
  6431 | D:7      | Reached skill level 10 in Ranged Weapons
  7090 | D:8      | Noticed a centaur warrior
  7269 | D:8      | Found Buviacea's Jewellery Boutique.
  7427 | D:8      | Found Ocliu's Magic Scroll Shoppe.
  7435 | D:8      | Bought a scroll of blinking for 82 gold pieces
  7435 | D:8      | Bought a scroll of fog for 44 gold pieces
  7484 | D:8      | Found Joogowa's Armour Emporium.
  7553 | D:8      | Noticed a troll
  7588 | D:8      | Killed a troll
  7610 | D:8      | Found Qeahah's Book Shop.
  7881 | D:8      | Reached skill level 11 in Ranged Weapons
  8157 | D:8      | Found a white marble altar of Elyvilon.
  8163 | D:8      | Found a stormy altar of Qazlal.
  8163 | D:8      | Found a glowing golden altar of the Shining One.
  8163 | D:8      | Found a glowing silver altar of Zin.
  8166 | D:8      | Found an ancient bone altar of Kikubaaqudgha.
  8522 | D:9      | Reached XP level 10. HP: 47/47 MP: 10/13
  8759 | D:9      | Reached skill level 12 in Ranged Weapons
  9165 | D:9      | Slain by a komodo dragon

Illustrated notes

Levels and vault maps discovered:
D:1:      nagdon_arrival_zigzag_paths, layout_loops_ring, minmay_misc_feat_iff
D:2:      layout_basic, minmay_vboxes, uniq_terence
D:3:      layout_rooms, st_stairs_2, minivault_25, hex_intersection, uniq_ijyb
D:4:      layout_loops_ring, st_stairs_1, uniq_blork_the_orc
D:5:      layout_basic, serial_shops, shop
D:6:      layout_basic, jmf_multi_god_temple2, minmay_temple_entry_mist,
          mainiacjoe_sewer_entry_somewhere_in_here_1, serial_demonic,
          serial_demonic_a, serial_demonic_g, serial_demonic_g,
          serial_demonic_g, serial_demonic_a, serial_demonic_b,
          serial_demonic_g, serial_demonic_d
D:7:      layout_loops_ring, minmay_liquid_box, uniq_maurice
D:8:      layout_loops_ring, minitemple, serial_shops, shop,
          nicolae_square_shop, shop, nicolae_shop_getting_attention,
          serial_park_tiny_1, minmay_manual_monstrance
D:9:      layout_roguey, due_lair_maze_entry_diamond,
          serial_library_hellmonk_big_corner
Temple:   hellmonk_temple_two_chambers

Skill      XL: |  1  2  3  4  5  6  7  8  9 10 |
---------------+-------------------------------+-----
Fighting       | 1 2 3 4 5 6 |  6.3
Ranged Weapons | 3 4 5 6 7 9 11 12 | 12.3
Stealth        | 1 5 7 |  7.0
Dodging        | |  2.6
Spellcasting   | |  1.3
Hexes          | |  3.6
Fire Magic     | |  0.7

Action                     |  1- 3 |  4- 6 |  7- 9 | 10-12 || total
---------------------------+-------+-------+-------+-------++-------
  Melee: Unarmed           |       |       |    57 |       ||    57
   Fire: Sling             |    94 |   192 |   489 |    79 ||   854
 Invoke: Recall Ancestor   |       |       |     3 |       ||     3
         Ancestor Identity |       |       |     1 |       ||     1
  Evoke: Wand              |       |     1 |     6 |       ||     7
    Use: Scroll            |       |    13 |    12 |       ||    25
         Potion            |       |       |     2 |       ||     2
 Armour: Robe              |     8 |    20 |    47 |     9 ||    84
         Skin              |       |       |   118 |       ||   118
  Dodge: Dodged            |    26 |    65 |   112 |    22 ||   225

Table legend: (Time is in decaauts)
 A = Elapsed time spent in this place.
 B = Non-inter-level travel time spent in this place.
 C = Inter-level travel time spent in this place.
 D = Time resting spent in this place.
 E = Time spent auto-exploring this place.
 F = Levels seen in this place.
 G = Mean time per level.
                   A        B        C        D        E       F      G
               +--------+--------+--------+--------+--------+-----+--------+
         Total |   6989 |   6641 |    348 |   1461 |   3586 |  11 |  635.4 |
       Dungeon |   6585 |   6240 |    345 |   1393 |   3428 |   9 |  731.7 |
        Temple |     13 |     10 |      3 |      0 |      0 |   1 |   13.0 |
         Sewer |    391 |    391 |      0 |     68 |    158 |   1 |  391.0 |
               +--------+--------+--------+--------+--------+-----+--------+

Top non-repeatable levels by time:
     D:6: 928 daAuts
     D:7: 908 daAuts
     D:8: 897 daAuts
     D:2: 779 daAuts
     D:3: 742 daAuts
     D:5: 696 daAuts
     D:9: 637 daAuts
     D:1: 545 daAuts
     D:4: 450 daAuts
   Sewer: 391 daAuts
  Temple: 13 daAuts
